 Dungeon Crawl Stone Soup version 0.22-a0-274-gf8199ec (webtiles) character file.

151 sankara the Conjurer (level 5, 0/38 HPs)
             Began as a Draconian Conjurer on Mar 13, 2018.
             Slain by an orc wizard
             ... wielding a +0 dagger of flaming
              (2 damage)
             ... on level 2 of the Dungeon.
             The game lasted 00:10:26 (2527 turns).

sankara the Conjurer (Draconian Conjurer)           Turns: 2527, Time: 00:10:27

Health: 0/38       AC:  6    Str: 15    XL:     5   Next: 11%
Magic:  1/10       EV: 11    Int: 16    God:
Gold:   128        SH:  0    Dex: 12    Spells: 7/11 levels left

rFire    . . .     SeeInvis .   a - +0 dagger
rCold    + . .     Gourm    .   n - +2 buckler
rNeg     . . .     Faith    .   (armour unavailable)
rPois    .         Spirit   .   (helmet restricted)
rElec    .         Reflect  .   (no cloak)
rCorr    .         Harm     .   o - +0 pair of gloves
MR       .....                  (no boots)
Stlth    +.........             (no amulet)
HPRegen  0.12/turn              i - ring of protection from cold {rC+, !d}
MPRegen  0.12/turn              (no ring)

@: confused, mighty, about to teleport
A: unfitting armour, cold-blooded, AC +5
a: no special abilities


You were on level 2 of the Dungeon.
You were not hungry.

You visited 1 branch of the dungeon, and saw 3 of its levels.

You collected 128 gold pieces.

Inventory:

Hand Weapons
 a - a +0 dagger (weapon)
   (You took it off a goblin on level 1 of the Dungeon)
 b - a +0 hunting sling
   (You found it on level 2 of the Dungeon)
Missiles
 l - 19 stones (quivered)
Armour
 n - a +2 buckler (worn)
   (You found it on level 2 of the Dungeon)
 o - a +0 pair of gloves (worn)
   (You found it on level 2 of the Dungeon)
Jewellery
 i - a ring of protection from cold (left hand) {rC+, !d}
   (You found it on level 2 of the Dungeon)
Scrolls
 d - 3 scrolls of remove curse {unknown}
 e - 2 scrolls of enchant weapon {unknown}
 f - a scroll of fog {unknown}
 g - 2 scrolls of identify {unknown}
 k - a scroll of enchant armour {unknown}
Comestibles
 j - 2 rations
 m - 2 chunks of flesh {@w0}


   Skills:
 - Level 1.7 Dodging
 - Level 1.7 Stealth
 + Level 1.0 Shields
 + Level 3.5 Spellcasting
 + Level 5.1 Conjurations
 + Level 1.0 Hexes


You had 7 spell levels left.
You knew the following spells:

 Your Spells              Type           Power        Failure   Level  Hunger
a - Magic Dart            Conj           ###.         3%          1    None
b - Dazzling Spray        Conj/Hex       ##....       22%         3    ###....


Dungeon Overview and Level Annotations

Branches:
Dungeon (3/15)

Altars:

Annotations:
D:2 Sigmund


Innate Abilities, Weirdness & Mutations

Your plain brown scales are hard. (AC +5)
You cannot fit into any form of body armour.
You are cold-blooded and may be slowed by cold attacks.


Message History

You're too confused to cast spells.
You're too confused!
Unknown command.
You're too confused to cast spells.
You're too confused!
Unknown command.
You're too confused to cast spells.
You're too confused!
Unknown command.
You bump into the rock wall.
The orc hits you.
You hear some strange, mumbled words.
Something tries to affect you, but you resist.
You bump into the rock wall.
The orc hits you.
You hear some strange, mumbled words.
Something tries to affect you, but you resist.
You hit the orc but do no damage.
The orc is heavily wounded.
The orc hits you but does no damage. Something hits you but does no damage.
You're too confused to move!
The orc hits you but does no damage. Something hits you but does no damage.
You're too confused to move!
You feel less confused. You block the orc's attack.
Something barely misses you.
You barely miss the orc. You tail-slap the orc.
The orc is heavily wounded.
The orc barely misses you. Something hits you but does no damage.
You hit the orc but do no damage.
The orc is heavily wounded.
The orc completely misses you. Something hits you. Something burns you.
Casting: Magic Dart (safe; 3% risk of failure)
Confirm with . or Enter, or press ? or * to list all spells.
Aiming: Magic Dart (safe; 3% risk of failure)
Press: ? - help, Shift-Dir - straight line, f - orc
Aim: an orc, wearing a chain mail (heavily wounded)
The magic dart hits the orc.
The orc is heavily wounded.
You block the orc's attack. You block something's attack.
Casting: Magic Dart (safe; 3% risk of failure)
Confirm with . or Enter, or press ? or * to list all spells.
Aiming: Magic Dart (safe; 3% risk of failure)
Press: ? - help, Shift-Dir - straight line, f/p - orc
Aim: an orc, wearing a chain mail (heavily wounded)
The magic dart hits the orc.
The orc is heavily wounded.
The orc hits you but does no damage. Something hits you. Something burns you.
Casting: Magic Dart (safe; 3% risk of failure)
Confirm with . or Enter, or press ? or * to list all spells.
Aiming: Magic Dart (safe; 3% risk of failure)
Press: ? - help, Shift-Dir - straight line, f/p - orc
Aim: an orc, wearing a chain mail (heavily wounded)
The magic dart hits the orc.
The orc is heavily wounded.
The orc hits you but does no damage. Something hits you but does no damage.
Casting: Magic Dart (safe; 3% risk of failure)
Confirm with . or Enter, or press ? or * to list all spells.
Aiming: Magic Dart (safe; 3% risk of failure)
Press: ? - help, Shift-Dir - straight line, f/p - orc
Aim: an orc, wearing a chain mail (heavily wounded)
The magic dart hits the orc.
The orc is severely wounded.
The orc completely misses you. Something hits you but does no damage.
Casting: Magic Dart (safe; 3% risk of failure)
Confirm with . or Enter, or press ? or * to list all spells.
You don't have enough magic to cast that spell.
Unknown command.
You closely miss the orc.
The orc is severely wounded.
The orc barely misses you. Something hits you. Something burns you.
You barely miss the orc.
The orc is severely wounded.
The orc closely misses you.
You hear some strange, mumbled words.
A magic dart appears from out of thin air!
The magic dart hits you!
* * * LOW HITPOINT WARNING * * *
You hit the orc but do no damage.
The orc is severely wounded.
The orc barely misses you. Something hits you but does no damage.
You hit the orc but do no damage.
The orc is severely wounded.
You block the orc's attack. Something hits you.
* * * LOW HITPOINT WARNING * * *
Something burns you.
* * * LOW HITPOINT WARNING * * *
As you read the scroll labeled AMONEUMP ZUCO, it crumbles to dust.
You feel strangely unstable.
It was a scroll of teleportation.
The orc closely misses you.
You hear some strange, mumbled words.
A magic dart appears from out of thin air!
The magic dart hits you!
* * * LOW HITPOINT WARNING * * *
It was a potion of might.
You feel very mighty all of a sudden. The orc hits you but does no damage.
You hear some strange, mumbled words.
You are confused.
You hit the orc but do no damage.
The orc is severely wounded.
The orc hits you but does no damage. Something hits you.
You die...

#..##.......# #....#
##.##.......# #....# #.##.......#
####.# ##.##.......# #....#
####.#.........# #.####
#####...###.##########.#
..........)............#
#####.##..############.##########
# #.##.#####.{@o............... #
#..........#######.#####..###
#####....##.##...## #...####..###
......##.##.#.###.###...#........
####...#......# #.#.......##..###
......#.###.#.###.#..............
##.#..##.##.##...##..........#.##
##..........###.#####...#......##
.................................


You could see an orc.

Vanquished Creatures
  An orc wizard (D:3)
  Terence (D:1)
  3 gnolls (D:2)
  2 adders
  An ooze (D:2)
  2 worms (D:2)
  A dart slug (D:1)
  A leopard gecko (D:2)
  An orc (D:3)
  5 bats
  4 giant cockroaches
  5 hobgoblins
  A ball python (D:3)
  4 frilled lizards
  5 goblins
  A kobold (D:2)
  4 rats
42 creatures vanquished.

Notes
Turn   | Place    | Note
-------+----------+-------------------------------------------
     0 | D:1      | sankara the Draconian Conjurer began the quest for the Orb.
     0 | D:1      | Reached XP level 1. HP: 14/14 MP: 3/3
   178 | D:1      | Reached XP level 2. HP: 20/20 MP: 1/5
   791 | D:2      | Reached XP level 3. HP: 26/26 MP: 0/7
   904 | D:2      | Reached skill level 3 in Spellcasting
  1262 | D:2      | Noticed Sigmund
  1332 | D:2      | Reached XP level 4. HP: 16/33 MP: 1/8
  1911 | D:2      | Learned a level 3 spell: Dazzling Spray
  1949 | D:2      | Noticed Terence
  2081 | D:1      | Killed Terence
  2081 | D:1      | Reached skill level 5 in Conjurations
  2482 | D:3      | Reached skill level 1 in Shields
  2482 | D:3      | Reached XP level 5. HP: 37/38 MP: 1/10
  2489 | D:3      | Reached skill level 1 in Hexes
  2524 | D:2      | HP: 9/38 [something (2)]
  2525 | D:2      | HP: 2/38 [something/magic dart (6)]
  2527 | D:2      | Slain by an orc wizard

Vault maps used:
D:1:      scummos_arrival_checkerplants, minmay_pentomino_t2
D:2:      minmay_crystal_room, uniq_terence, uniq_sigmund
D:3:      uniq_crazy_yiuf_cottage, uniq_ijyb

Skill      XL: |  1  2  3  4  5 |
---------------+----------------+-----
Spellcasting   | 3 |  3.5
Conjurations   | 5 |  5.1
Shields        | 1 |  1.0
Hexes          | 1 |  1.0
Dodging        | |  1.7
Stealth        | |  1.7

Action                   |  1- 3 |  4- 6 || total
-------------------------+-------+-------++-------
Melee: Dagger            |    28 |    28 ||    56
       Tailslap          |     2 |     4 ||     6
 Fire: Hunting sling     |       |     3 ||     3
 Cast: Magic Dart        |    72 |    54 ||   126
  Use: Scroll            |       |     1 ||     1
       Potion            |       |     1 ||     1
 Stab: Sleeping          |       |     1 ||     1
  Eat: Chunk             |     2 |     3 ||     5
Armor: Skin              |     6 |    26 ||    32
Dodge: Dodged            |    24 |    31 ||    55
Block: Buckler           |       |     8 ||     8

Table legend:
 A = Spawn XP
 B = Non-spawn XP
 C = Spawn XP percentage of total XP
 D = Spawn monster count
 E = Non-spawn monster count
 F = Spawn count percentage of total count
 G = Total turns spent on level
                    A         B        C        D         E        F      G
               +---------+---------+-------+---------+---------+-------+---------
         Total |       0 |     217 |   0.0 |       0 |      42 |   0.0 |  2527
               +---------+---------+-------+---------+---------+-------+---------
           D:1 |       0 |      59 |   0.0 |       0 |      14 |   0.0 |   999
           D:2 |       0 |     100 |   0.0 |       0 |      24 |   0.0 |  1334
           D:3 |       0 |      58 |   0.0 |       0 |       4 |   0.0 |   194
               +---------+---------+-------+---------+---------+-------+---------

Vault maps used:
D:1:      scummos_arrival_checkerplants, minmay_pentomino_t2
D:2:      minmay_crystal_room, uniq_terence, uniq_sigmund
D:3:      uniq_crazy_yiuf_cottage, uniq_ijyb

Table legend:
 A = Turns spent in this place as a percentage of turns spent in the entire game.
 B = Non-inter-level travel turns spent in this place as a percentage of non-inter-level travel turns spent in the entire game.
 C = Inter-level travel turns spent in this place as a percentage of turns spent in this place.
 D = Turns resting spent in this place as a percentage of non-inter-level travel turns spent in this place.
 E = Turns spent auto-exploring this place as a percentage of non-inter-level travel turns spent in this place.
 F = Non-inter-level travel turns spent in this place divided by the number of levels of this place that you've seen.
                   A       B       C       D       E      F
               +-------+-------+-------+-------+-------+----------------------
         Total | 100.0 | 100.0 |   1.5 |  44.3 |  32.2 | 829.3
       Dungeon | 100.0 | 100.0 |   1.5 |  44.3 |  32.2 | 829.3
               +-------+-------+-------+-------+-------+----------------------

Table legend:
 A = Kills in this place as a percentage of kills in entire the game.
 B = Kills by you in this place as a percentage of kills by you in the entire game.
 C = Kills by friends in this place as a percentage of kills by friends in the entire game.
 D = Other kills in this place as a percentage of other kills in the entire game.
 E = Experience gained in this place as a percentage of experience gained in the entire game.
 F = Experience gained in this place divided by the number of levels of this place that you have seen.
                   A       B       C       D       E      F
               +-------+-------+-------+-------+-------+----------------------
         Total | 100.0 | 100.0 |   N/A |   N/A | 100.0 |  72.3
       Dungeon | 100.0 | 100.0 |   N/A |   N/A | 100.0 |  72.3
               +-------+-------+-------+-------+-------+----------------------
